 Dungeon Crawl Stone Soup version 0.24.1 (webtiles) character file.

Game seed: 7540365800753911105, levelgen mode: deterministic

3493 Destapler the Nimble (level 9, -1/45 HPs)
             Began as a Spriggan Enchanter on Mar 28, 2020.
             Was an Initiate of Gozag.
             Impaled on a porcupine's spines (9 damage)
             ... on level 7 of the Dungeon.
             The game lasted 00:59:07 (10861 turns).

Destapler the Nimble (Spriggan Enchanter)          Turns: 10861, Time: 00:59:08

Health: -1/45      AC:  4    Str:  5    XL:     9   Next: 80%
Magic:  0/22       EV: 28    Int: 17    God:    Gozag
Gold:   426        SH:  0    Dex: 21    Spells: 18/25 levels left

rFire    . . .     SeeInvis +   a - +3 dagger
rCold    . . .     Gourm    .   (shield restricted)
rNeg     . . .     Faith    .   c - +0 robe
rPois    .         Spirit   +   (helmet restricted)
rElec    .         Reflect  .   r - +0 cloak
rCorr    .         Harm     .   (gloves unavailable)
MR       +....                  (boots unavailable)
Stlth    ++++......             n - amulet of guardian spirit
HPRegen  0.15/turn              i - +3 ring of dexterity
MPRegen  0.18/turn              s - +1 ring of protection

@: very quick
A: very small, unfitting armour, see invisible, herbivore, speed 3, slow
metabolism 2
a: Potion Petition, Call Merchant, Bribe Branch, Renounce Religion


You were on level 7 of the Dungeon.
You worshipped Gozag.
Gozag was aware of your devotion.
You were very hungry.

You visited 2 branches of the dungeon, and saw 9 of its levels.

You collected 631 gold pieces.
You spent 91 gold pieces at shops.
You paid 114 gold pieces to Gozag.

Inventory:

Hand Weapons
 a - a +3 dagger (weapon)
 G - a +0 giant club
Missiles
 d - 245 stones (quivered)
 F - 4 poisoned darts
 H - a throwing net
 I - 5 curare-tipped darts
Armour
 c - a +0 robe (worn)
 r - a +0 cloak (worn)
Jewellery
 i - a +3 ring of dexterity (left hand)
 n - an amulet of guardian spirit (around neck)
 s - a +1 ring of protection (right hand)
 u - an uncursed ring of ice
Wands
 C - a wand of polymorph (8)
Scrolls
 b - 3 scrolls of remove curse {unknown}
 g - 2 scrolls of identify
 h - a scroll of fear
 j - 2 scrolls of fog {unknown}
 l - 5 scrolls of teleportation
 m - 2 scrolls of enchant armour {unknown}
 o - 3 scrolls of magic mapping {unknown}
 p - 3 scrolls of immolation {unknown}
 w - 3 scrolls of amnesia {unknown}
 y - 2 scrolls of blinking {unknown}
 A - a scroll of random uselessness {unknown}
 D - a scroll of acquirement {unknown}
 E - a scroll of enchant weapon {unknown}
 J - a scroll of noise {unknown}
 K - a scroll of vulnerability {unknown}
Potions
 f - 2 potions of brilliance
 k - 3 potions of lignification
 q - a potion of heal wounds
 t - a potion of curing
 v - 3 potions of ambrosia
 x - a potion of resistance
 z - a potion of flight {unknown}
 B - a potion of cancellation {unknown}
Comestibles
 e - 13 rations


   Skills:
 - Level 4.0 Fighting
 + Level 7.5 Short Blades
 + Level 10.1 Dodging
 - Level 6.1 Stealth
 + Level 8.6 Spellcasting
 - Level 5.0 Hexes
 - Level 3.0 Ice Magic


You had 18 spell levels left.
You knew the following spells:

 Your Spells              Type           Power        Failure   Level  Hunger
a - Corona                Hex            ###....      1%          1    None
b - Confuse               Hex            ###.....     3%          3    #......
c - Confusing Touch       Hex            ###...       1%          1    None
H - Ensorcelled Hibernat  Hex/Ice        ###...       2%          2    None

Your spell library contained the following spells:

 Spells                   Type           Power        Failure   Level  Hunger
 Tukima's Dance           Hex            ###.....     3%          3    #......
 Dazzling Spray           Conj/Hex       ###...       11%         3    #......
 Gell's Gravitas          Tloc           #.........   30%         3    #......
 Metabolic Englaciation   Hex/Ice        ###.......   45%         5    #####..
 Yara's Violent Unravell  Hex/Tmut       ###.......   67%         5    #####..
 Petrify                  Tmut/Erth      #.......     69%         4    ###....


Dungeon Overview and Level Annotations

Branches:
Dungeon (8/15)             Temple (1/1) D:6            Lair (0/6) D:8

Altars:
Ashenzari
Cheibriados
Dithmenos
Elyvilon
Fedhas
Gozag
Hepliaklqana
Kikubaaqudgha
Makhleb
Nemelex Xobeh
Okawaru
Qazlal
Ru
Sif Muna
Trog
Uskayaw
Vehumet
Wu Jian
Yredelemnul
Zin

Shops:
D:4 ?

Annotations:
D:6 1 runed translucent door, 2 transporters, Descartes's ghost, novice DEAE


Innate Abilities, Weirdness & Mutations

You are very small and have problems with some larger weapons.
You are too small for most types of armour.
You have supernaturally acute eyesight. (SInv)
You are a herbivore.
You cover ground extremely quickly.
You need to consume almost no food.


Message History

Confirm with . or Enter, or press ? or * to list all spells.
Aiming: Corona (safe; 1% risk of failure)
Press: ? - help, Shift-Dir - straight line, f - porcupine
Aim: a porcupine (hasn't noticed you, chance to defeat MR: 64%)
The porcupine is outlined in light.
The bullfrog gives a loud, deep croak!
The bullfrog closely misses you. The bullfrog completely misses you.
The porcupine misses you.
You climb upwards.
There is a stone staircase leading down here.
Casting: Corona (safe; 1% risk of failure)
Confirm with . or Enter, or press ? or * to list all spells.
Your hands begin to glow red.
The bullfrog misses you. The porcupine bites you.
* * * LOW HITPOINT WARNING * * *
The bullfrog hits you but does no damage.
You hit the porcupine but do no damage.
The porcupine appears confused.
The porcupine misses you. The bullfrog completely misses you.
You are struck by the porcupine's spines.
You die...
Your body crumbles into a pile of gold.

#.!.....# #..(....#
########.....##
##............##
########..###.........#
######........#....#.......#
...)...#######..####.......#
.####### #...r..<#.....##
....## #.#[@...##...##
###..########.#>.F..######
..<...........#....<#
.######.####........# ##
#..# ##.###...# #
##.#####.###..#
###....##.######
######...######.#
...._..#...##...#


You could see a bullfrog and a porcupine (confused).

Vanquished Creatures
  A wyvern (D:8)
  A yak (D:8)
  2 porcupines (D:8)
  A sky beast (D:5)
  3 orc warriors
  An ice beast (D:6)
  2 phantoms
  A black bear (D:8)
  7 ogres
  3 centaurs
  A big kobold (D:7)
  3 bullfrogs
  2 scorpions
  A wyvern skeleton (D:6)
  2 howler monkeys (D:6)
  4 crimson imps
  3 hounds
  2 orc priests
  A centaur skeleton (D:4)
  2 jellies
  A bullfrog skeleton (D:8)
  2 iguanas
  6 orc wizards
  4 worker ants
  A killer bee zombie (D:5)
  2 worker ant zombies (D:5)
  2 howler monkey skeletons
  5 adders
  3 shadow imps
  An ooze (D:3)
  An adder skeleton (D:5)
  2 worms
  6 dart slugs
  4 leopard geckos
  24 orcs
  A ball python (D:2)
  4 bats
  A bat zombie (D:5)
  9 giant cockroaches
  5 goblins
  10 hobgoblins
  8 jackals
  3 quokkas
  A ball python skeleton (D:5)
  4 frilled lizards
  A jackal skeleton (D:5)
  19 kobolds
  A leopard gecko skeleton (D:4)
  A quokka skeleton (D:5)
  8 rats
  2 rat zombies (D:5)
185 creatures vanquished.

Vanquished Creatures (others)
  A giant cockroach (D:3)
  15 fungi (D:8)
  2 plants (D:8)
18 creatures vanquished.

Grand Total: 203 creatures vanquished

Notes
Turn   | Place    | Note
-------+----------+-------------------------------------------
     0 | D:1      | Destapler the Spriggan Enchanter began the quest for the
                  | Orb.
     0 | D:1      | Reached XP level 1. HP: 9/9 MP: 5/5
   445 | D:1      | Reached XP level 2. HP: 14/14 MP: 6/6
   456 | D:1      | Reached skill level 1 in Fighting
   474 | D:1      | Learned a level 2 spell: Ensorcelled Hibernation
  1187 | D:1      | Reached XP level 3. HP: 17/18 MP: 6/8
  1486 | D:1      | Reached skill level 5 in Stealth
  1641 | D:1      | Learned a level 3 spell: Confuse
  2464 | D:2      | Reached XP level 4. HP: 23/23 MP: 9/9
  2544 | D:2      | Reached skill level 4 in Dodging
  3151 | D:3      | Found a faded altar of an unknown god.
  3640 | D:3      | Found a radiant altar of Vehumet.
  3815 | D:3      | Found a hazy altar of Hepliaklqana.
  3839 | D:3      | Reached XP level 5. HP: 23/26 MP: 2/10
  3906 | D:4      | Noticed an ogre
  4584 | D:3      | Killed an ogre
  4584 | D:3      | Reached skill level 1 in Ice Magic
  4810 | D:4      | Reached XP level 6. HP: 31/31 MP: 12/12
  4892 | D:4      | Learned a level 1 spell: Confusing Touch
  4927 | D:4      | Found Wocham's Magic Scroll Emporium.
  4942 | D:4      | Bought a scroll of teleportation for 42 gold pieces
  4942 | D:4      | Bought a scroll of fear for 49 gold pieces
  5464 | D:4      | Reached XP level 7. HP: 30/35 MP: 8/13
  5599 | D:5      | Entered Level 5 of the Dungeon
  5885 | D:4      | Reached skill level 5 in Hexes
  6632 | D:4      | Reached skill level 5 in Dodging
  6965 | D:5      | Reached XP level 8. HP: 9/40 MP: 4/16
  7218 | D:5      | Reached skill level 5 in Spellcasting
  7330 | D:5      | Reached skill level 6 in Dodging
  7433 | D:5      | HP: 2/42 [poisoned by a worker ant]
  8261 | D:5      | Found an ancient bone altar of Kikubaaqudgha.
  8363 | D:6      | Reached skill level 5 in Short Blades
  8363 | D:6      | Reached skill level 7 in Dodging
  8425 | D:6      | Found a sacrificial altar of Ru.
  8571 | D:6      | Noticed Descartes's ghost (novice DEAE)
  8572 | D:6      | Found a runed translucent door.
  8671 | D:6      | Noticed a cyclops
  8671 | D:6      | Noticed a troll
  8675 | D:6      | Found a transporter.
  8675 | D:6      | Found a hide-covered altar of Uskayaw.
  8686 | D:6      | Found a transporter.
  8812 | D:6      | Found a staircase to the Ecumenical Temple.
  8821 | Temple   | Entered the Ecumenical Temple
  9104 | D:7      | Found an opulent altar of Gozag.
  9110 | D:7      | Became a worshipper of Gozag Ym Sagoz the Greedy
  9162 | D:7      | Reached XP level 9. HP: 45/45 MP: 14/20
  9182 | D:7      | Reached skill level 8 in Dodging
  9489 | D:7      | HP: 1/45 [orc warrior/+0 short sword (15)]
  9855 | D:7      | Found a stormy altar of Qazlal.
  9890 | D:7      | Found a white marble altar of Elyvilon.
 10208 | D:7      | Found a sparkling altar of Nemelex Xobeh.
 10307 | D:8      | Reached skill level 9 in Dodging
 10800 | D:8      | Reached skill level 10 in Dodging
 10833 | D:8      | Found a staircase to the Lair.
 10861 | D:7      | Impaled on a porcupine's spines

Levels and vault maps discovered:
D:1:      lemuel_arrival_cross, layout_basic
D:2:      minmay_recursive_quarters, layout_basic, minivault_4
D:3:      layout_basic, lemuel_doored_altar, fiery_altar_vehumet,
          chequers_ecumenical_altar_simple_redux, minivault_14
D:4:      layout_basic, serial_shops, shop
D:5:      minmay_razor_zed, layout_rooms, lemuel_zombie_altar_kikubaaqudgha,
          first_ration
D:6:      layout_rooms, gammafunk_temple_overflow_arena, lemuel_crystal_altar,
          temple_hall, hellmonk_ghost_happy_afterlife
D:7:      cheibrodos_iron_armory, layout_rooms, kennysheep_mini_moat,
          nicolae_overflow_crystal_walls, elyvilon_altar_1,
          overflow_temple_1_default, grunt_ogre_cave
D:8:      layout_basic, due_lair_maze_entry_diamond
Temple:   chequers_temple_sunken

Skill      XL: |  1  2  3  4  5  6  7  8  9 |
---------------+----------------------------+-----
Fighting       | 1 2 3 4 |  4.0
Stealth        | 5 6 |  6.1
Dodging        | 4 5 7 10 | 10.1
Spellcasting   | 3 4 6 8 |  8.6
Hexes          | 4 5 |  5.0
Short Blades   | 2 3 5 7 |  7.5
Ice Magic      | 1 2 3 |  3.0

Action                   |  1- 3 |  4- 6 |  7- 9 || total
-------------------------+-------+-------+-------++-------
Melee: Dagger            |   179 |   250 |   651 ||  1080
Throw: Stone             |     5 |       |    18 ||    23
       Boomerang         |       |       |     3 ||     3
 Cast: Corona            |    24 |    23 |    74 ||   121
       Confuse           |     3 |     5 |     1 ||     9
       Ensorcelled Hiber |       |    12 |       ||    12
       Confusing Touch   |       |     5 |    47 ||    52
  Use: Scroll            |       |     4 |       ||     4
       Potion            |       |     1 |     2 ||     3
 Stab: Sleeping          |     9 |    14 |    11 ||    34
       Distracted        |     1 |       |     1 ||     2
       Confused          |       |     7 |    40 ||    47
  Eat: Ration            |       |     2 |     3 ||     5
Armor: Robe              |    15 |     8 |    47 ||    70
Dodge: Dodged            |   144 |   193 |   557 ||   894
